[Event "FIDE World Rapid-ch Open 2018"]
[White "Jones, Gawain C B"]
[Black "Huzman, Alexander"]
[Site "St. Petersburg"]
[Round "14.48"]
[Annotator "ChessBase"]
[Result "1-0"]
[Date "2018.12.28"]
[WhiteElo "2682"]
[BlackElo "2580"]
[PlyCount "125"]
[TimeControl "900+10"]

1. e4 e5 2. Nf3 Nf6 3. d4 Nxe4 4. Bd3 d5 5. Nxe5 Nd7 6. 0-0 Nxe5 7. dxe5 Nc5 8. Be3 Nxd3 9. Qxd3 c6 10. Nd2 Be7 11. f4 g6 12. c3 Bf5 13. Qe2 Qd7 14. Nb3 b6 15. h3 h5 16. Rad1 c5 17. Bf2 Rd8 18. Nd2 Qa4 19. Be3 d4 20. cxd4 cxd4 21. Bf2 d3 22. Qf3 Qxa2 23. Qc6+ Kf8 24. Ra1 Qe6 25. Qxe6 Bxe6 26. Rxa7 h4 27. Bxb6 Rb8 28. Bd4 Bb4 29. Rd1 Rd8 30. Bb6 Rb8 31. Be3 Kg7 32. Nf3 d2 33. Nd4 Rhe8 34. Rc7 Ba5 35. Nxe6+ Rxe6 36. Rc2 Bb6 37. Bxb6 Rbxb6 38. Rdxd2 Rb4 39. Rf2 Reb6 40. Kf1 Re4 41. Rce2 Rd4 42. Ke1 Rc6 43. Rd2 Re4+ 44. Kd1 Rcc4 45. Rd7 Kg8 46. f5 Rxe5 47. fxg6 fxg6 48. Rc2 Re1+ 49. Kxe1 Rxc2 50. Rd2 Rc1+ 51. Ke2 Kf7 52. Kd3 Ke6 53. Rc2 Rf1 54. b4 g5 55. Kc4 g4 56. hxg4 Rf4+ 57. Kc5 Rxg4 58. Rd2 Ke5 59. b5 Rg3 60. b6 Rc3+ 61. Kb5 Rb3+ 62. Kc6 Kf4 63. Rc2 1-0

[Event "FIDE World Rapid-ch Open 2018"]
[White "Esipenko, Andrey"]
[Black "Tukhaev, Adam"]
[Site "St. Petersburg"]
[Round "14.49"]
[Annotator "ChessBase"]
[Result "1/2-1/2"]
[Date "2018.12.28"]
[WhiteElo "2593"]
[BlackElo "2527"]
[PlyCount "93"]
[TimeControl "900+10"]

1. d4 g6 2. Nf3 Bg7 3. g3 Nf6 4. Bg2 0-0 5. 0-0 d6 6. b3 a5 7. Bb2 a4 8. c4 axb3 9. axb3 Rxa1 10. Bxa1 c6 11. Nbd2 Qa5 12. Qc2 d5 13. Bc3 Qd8 14. Ne5 Bf5 15. Qb2 Nfd7 16. Ra1 Nxe5 17. dxe5 Be6 18. Bd4 Nd7 19. cxd5 cxd5 20. Nf3 Qb8 21. h3 Rc8 22. g4 Qc7 23. Ra7 h6 24. e3 Nb8 25. Ra8 Nc6 26. Rxc8+ Qxc8 27. Bc3 h5 28. Nh4 hxg4 29. hxg4 Qd8 30. g5 Qb6 31. Nf3 Bf8 32. Nd2 Qd8 33. b4 Bf5 34. b5 Nb8 35. Bb4 e6 36. Bxf8 Kxf8 37. Qa3+ Kg7 38. Qa8 Qxg5 39. f4 Qg3 40. Nf1 Qg4 41. Nh2 Qg3 42. Nf1 Qg4 43. Nh2 Qg3 44. Nf1 Qg4 45. Nh2 Qg3 46. Nf1 Qg4 47. Nh2 1/2-1/2

[Event "FIDE World Rapid-ch Open 2018"]
[White "Yilmaz, Mustafa"]
[Black "Potkin, Vladimir"]
[Site "St. Petersburg"]
[Round "14.50"]
[Annotator "ChessBase"]
[Result "0-1"]
[Date "2018.12.28"]
[WhiteElo "2636"]
[BlackElo "2597"]
[PlyCount "96"]
[TimeControl "900+10"]

1. d4 Nf6 2. c4 e6 3. Nf3 d5 4. Nc3 c6 5. e3 Nbd7 6. Qc2 Bd6 7. Bd3 0-0 8. 0-0 e5 9. cxd5 cxd5 10. e4 exd4 11. Nxd5 Nxd5 12. exd5 h6 13. Nxd4 Qh4 14. Nf3 Qh5 15. Bh7+ Kh8 16. Qf5 Qxf5 17. Bxf5 Nf6 18. Bxc8 Rfxc8 19. Rd1 Rd8 20. Be3 Be7 21. d6 Rxd6 22. Rxd6 Bxd6 23. Rd1 Be7 24. g3 Kg8 25. Kg2 Kf8 26. Ne5 Ke8 27. Kf3 Nh7 28. h4 Nf8 29. h5 f6 30. Nc4 Rc8 31. b3 b6 32. Ke4 Rc6 33. a4 Ne6 34. Kf5 Nc5 35. Bxc5 Rxc5+ 36. Kg6 Rg5+ 37. Kh7 Rxh5 38. Kxg7 Rg5+ 39. Kxh6 Bf8+ 40. Kh7 Rg7+ 41. Kh8 Rg5 42. Kh7 Rg7+ 43. Kh8 Rg5 44. Rd3 Kf7 45. g4 Rxg4 46. Rh3 Bg7+ 47. Kh7 Rd4 48. Ne3 Rd8 0-1

[Event "FIDE World Rapid-ch Open 2018"]
[White "Hakobyan, Aram"]
[Black "Vitiugov, Nikita"]
[Site "St. Petersburg"]
[Round "14.51"]
[Annotator "ChessBase"]
[Result "1/2-1/2"]
[Date "2018.12.28"]
[WhiteElo "2545"]
[BlackElo "2719"]
[PlyCount "84"]
[TimeControl "900+10"]

1. d4 Nf6 2. c4 e6 3. Nf3 Bb4+ 4. Bd2 a5 5. g3 b6 6. Bg2 Bb7 7. 0-0 0-0 8. Bf4 Be7 9. Nc3 Ne4 10. Nb5 Na6 11. Rc1 c6 12. Nc3 Nxc3 13. Rxc3 c5 14. d5 exd5 15. cxd5 Bf6 16. Be5 d6 17. Bxf6 Qxf6 18. e4 b5 19. a4 bxa4 20. Nd2 Nb4 21. Re1 Ba6 22. e5 dxe5 23. Ne4 Qb6 24. Nxc5 Qd6 25. Ne4 Qb6 26. Qh5 Nxd5 27. Rc5 Nb4 28. Rec1 h6 29. Rc7 Rac8 30. Rxc8 Rxc8 31. Rxc8+ Bxc8 32. Qxe5 Be6 33. Nc5 Qb5 34. Bf1 Bc4 35. Bxc4 Qxc4 36. Qe8+ Kh7 37. Nd7 g6 38. Qe7 Nc6 39. Nf6+ Kg7 40. Ne8+ Kg8 41. Nf6+ Kg7 42. Ne8+ Kg8 1/2-1/2

[Event "FIDE World Rapid-ch Open 2018"]
[White "Adly, Ahmed"]
[Black "Popov, Valerij"]
[Site "St. Petersburg"]
[Round "14.52"]
[Annotator "ChessBase"]
[Result "1-0"]
[Date "2018.12.28"]
[WhiteElo "2626"]
[BlackElo "2532"]
[PlyCount "95"]
[TimeControl "900+10"]

1. d4 d5 2. Nf3 e6 3. g3 Nf6 4. Bg2 Be7 5. 0-0 0-0 6. c4 c6 7. Qc2 b6 8. Rd1 Nbd7 9. Ne5 Bb7 10. Nc3 Rc8 11. e4 dxc4 12. Nxc4 b5 13. Ne3 Qb6 14. a4 Rfd8 15. a5 Qa6 16. e5 Nd5 17. Be4 Nf8 18. Nexd5 cxd5 19. Bd3 Qc6 20. Qe2 a6 21. Qg4 Rc7 22. Ne2 Rdc8 23. Bh6 Ng6 24. Bd2 Nf8 25. h4 Qe8 26. h5 Kh8 27. Re1 Qd8 28. Kg2 b4 29. Nf4 Ra8 30. Rh1 Kg8 31. Rh3 Rc4 32. Be3 Bc6 33. Ng6 Bc5 34. Nh4 Kh8 35. Qf3 Rxd4 36. Bxd4 Bxd4 37. Qxf7 Ra7 38. Qf4 Bxb2 39. Rb1 Bc3 40. Ng6+ Kg8 41. Nxf8 d4+ 42. f3 Rf7 43. Nxe6 Qe7 44. Bxh7+ Kh8 45. Bf5 Bd7 46. Nxg7 Rxg7 47. e6 Bxe6 48. Qh6+ 1-0

[Event "FIDE World Rapid-ch Open 2018"]
[White "Sychev, Klementy"]
[Black "Vallejo Pons, Francisco"]
[Site "St. Petersburg"]
[Round "14.53"]
[Annotator "ChessBase"]
[Result "0-1"]
[Date "2018.12.28"]
[WhiteElo "2537"]
[BlackElo "2695"]
[PlyCount "48"]
[TimeControl "900+10"]

1. e4 e5 2. Nf3 Nc6 3. Bb5 a6 4. Ba4 b5 5. Bb3 Na5 6. 0-0 d6 7. d4 exd4 8. Qxd4 Bb7 9. Bg5 Ne7 10. Qd3 h6 11. Bh4 g5 12. Bg3 Bg7 13. c3 Nxb3 14. axb3 0-0 15. h4 f5 16. exf5 Nxf5 17. hxg5 hxg5 18. Nbd2 g4 19. Nd4 Nxd4 20. cxd4 Qg5 21. Rfc1 Qd5 22. Qf1 Rf7 23. Rc3 Bxd4 24. Rd3 Rh7 0-1

[Event "FIDE World Rapid-ch Open 2018"]
[White "Vastrukhin, Oleg"]
[Black "Roiz, Michael"]
[Site "St. Petersburg"]
[Round "14.54"]
[Annotator "ChessBase"]
[Result "1/2-1/2"]
[Date "2018.12.28"]
[WhiteElo "2413"]
[BlackElo "2605"]
[PlyCount "54"]
[TimeControl "900+10"]

1. Nf3 Nf6 2. g3 c5 3. Bg2 Nc6 4. 0-0 e5 5. c4 d5 6. cxd5 Nxd5 7. Nc3 Be6 8. Ng5 Qxg5 9. Nxd5 Qd8 10. e4 Bd6 11. d3 0-0 12. Be3 Qd7 13. Rc1 b6 14. a3 Ne7 15. Nxe7+ Bxe7 16. f4 Rad8 17. Rc3 exf4 18. gxf4 f5 19. Qf3 Bf6 20. e5 Be7 21. Qc6 Bd5 22. Qxd7 Rxd7 23. Bh3 Be6 24. Kf2 Kf7 25. Ke2 Rfd8 26. Rb1 a5 27. Bg2 g6 1/2-1/2

[Event "FIDE World Rapid-ch Open 2018"]
[White "Smirin, Ilia"]
[Black "Potapov, Pavel"]
[Site "St. Petersburg"]
[Round "14.55"]
[Annotator "ChessBase"]
[Result "1/2-1/2"]
[Date "2018.12.28"]
[WhiteElo "2609"]
[BlackElo "2516"]
[PlyCount "104"]
[TimeControl "900+10"]

1. e4 c5 2. Nf3 Nc6 3. Bb5 g6 4. c3 Bg7 5. d4 cxd4 6. cxd4 a6 7. Ba4 b5 8. Bb3 Na5 9. Bd5 Rb8 10. e5 e6 11. Be4 f5 12. Bd3 Ne7 13. h4 h6 14. Nc3 Bb7 15. Ne2 Bxf3 16. gxf3 Nd5 17. h5 g5 18. f4 g4 19. f3 gxf3 20. Ng1 f2+ 21. Kxf2 Qb6 22. Nf3 Nc6 23. Bc2 Bf8 24. Bb3 Nc7 25. Qg1 Ne7 26. Be3 Rg8 27. Qe1 Ncd5 28. Rg1 Rg4 29. Qd2 a5 30. Nh2 Rxg1 31. Rxg1 Nxe3 32. Kxe3 a4 33. Bd1 Nd5+ 34. Kf2 Bb4 35. Qd3 Nxf4 36. Qe3 Nd5 37. Rg8+ Kf7 38. Rxb8 Qxb8 39. Qxh6 Qg8 40. Nf3 Be7 41. Bc2 Qg4 42. Bd3 Bh4+ 43. Nxh4 Qxd4+ 44. Kg2 Qg4+ 45. Kf1 Qxh4 46. Qh7+ Ke8 47. Qg8+ Ke7 48. Qg7+ Kd8 49. Qf8+ Kc7 50. Qc5+ Kd8 51. Qf8+ Kc7 52. Qc5+ Kd8 1/2-1/2

[Event "FIDE World Rapid-ch Open 2018"]
[White "Demidov, Mikhail"]
[Black "Kevlishvili, Robby"]
[Site "St. Petersburg"]
[Round "14.56"]
[Annotator "ChessBase"]
[Result "1-0"]
[Date "2018.12.28"]
[WhiteElo "2520"]
[BlackElo "2451"]
[PlyCount "81"]
[TimeControl "900+10"]

1. Nf3 d5 2. g3 g6 3. Bg2 Bg7 4. 0-0 e5 5. d3 Ne7 6. c4 0-0 7. cxd5 Nxd5 8. Bg5 Ne7 9. Nc3 Nbc6 10. Qd2 f6 11. Be3 Nf5 12. Bc5 Re8 13. Rac1 Ncd4 14. Rfd1 c6 15. e3 Nxf3+ 16. Bxf3 Be6 17. Qc2 b6 18. Ba3 Rc8 19. b4 Qd7 20. Bg2 Red8 21. Bb2 Qf7 22. Qb1 h5 23. h3 Bh6 24. Re1 Ne7 25. a3 Rd7 26. Rcd1 Rcd8 27. d4 exd4 28. exd4 Nf5 29. b5 Rxd4 30. Rxd4 Nxd4 31. bxc6 Bd2 32. Rxe6 Nxe6 33. Nd5 Bh6 34. Nxf6+ Kh8 35. Bd5 Rxd5 36. Nxd5+ Bg7 37. Bxg7+ Kxg7 38. Qb2+ Kh7 39. Qe5 Nc5 40. c7 Nd3 41. Qe7 1-0

[Event "FIDE World Rapid-ch Open 2018"]
[White "Kazhgaleyev, Murtas"]
[Black "Tsydypov, Zhamsaran"]
[Site "St. Petersburg"]
[Round "14.57"]
[Annotator "ChessBase"]
[Result "0-1"]
[Date "2018.12.28"]
[WhiteElo "2587"]
[BlackElo "2529"]
[PlyCount "68"]
[TimeControl "900+10"]

1. d4 Nf6 2. c4 e6 3. Nc3 Bb4 4. e3 0-0 5. Bd3 d5 6. cxd5 exd5 7. Nge2 b6 8. 0-0 Bb7 9. a3 Bd6 10. b4 c6 11. Rb1 a5 12. f3 axb4 13. axb4 Na6 14. e4 dxe4 15. fxe4 Be7 16. Bg5 Nxb4 17. Bxf6 gxf6 18. Rf3 Ra5 19. e5 fxe5 20. Bf5 exd4 21. Ne4 d3 22. N2g3 Qd4+ 23. Kh1 Kh8 24. Rf4 Qg7 25. Qh5 Rg8 26. h3 Ra1 27. Rxa1 Qxa1+ 28. Kh2 Rg7 29. Qh6 Qe5 30. Nh5 Nd5 31. Nf2 Bg5 32. Qxg7+ Qxg7 33. Nxg7 Bxf4+ 34. g3 Be3 0-1

[Event "FIDE World Rapid-ch Open 2018"]
[White "Sanal, Vahap"]
[Black "Jumabayev, Rinat"]
[Site "St. Petersburg"]
[Round "14.58"]
[Annotator "ChessBase"]
[Result "0-1"]
[Date "2018.12.28"]
[WhiteElo "2490"]
[BlackElo "2602"]
[PlyCount "192"]
[TimeControl "900+10"]

1. e4 e6 2. d4 d5 3. Nd2 c5 4. exd5 Qxd5 5. Ngf3 cxd4 6. Bc4 Qd7 7. 0-0 a6 8. a4 Nc6 9. Qe2 Nf6 10. Nb3 Bd6 11. Rd1 Qc7 12. Nbxd4 Nxd4 13. Rxd4 Bd7 14. Bg5 Bc6 15. Bxe6 Bxf3 16. Qxf3 fxe6 17. Bxf6 0-0 18. Rg4 Bxh2+ 19. Kh1 Be5 20. Bxe5 Qxe5 21. Qg3 Qxb2 22. Re1 Rae8 23. c3 Re7 24. Kg1 Qd2 25. Rge4 Rc8 26. R1e3 Qd1+ 27. Re1 Qd7 28. R1e3 h6 29. Qg4 Rc6 30. Re5 Rd6 31. a5 Rd1+ 32. Kh2 Rd5 33. g3 Rxe5 34. Rxe5 Rf7 35. Qe2 Qc7 36. Rxe6 Qxa5 37. c4 Qf5 38. Kg1 Kh7 39. Re5 Qb1+ 40. Kg2 Qb6 41. c5 Qc6+ 42. Kg1 Qg6 43. Re6 Qb1+ 44. Kg2 a5 45. Qc4 Qf5 46. f4 Rd7 47. Re5 Qb1 48. Re2 Rd1 49. Qe4+ Qxe4+ 50. Rxe4 Rc1 51. Re7 Rb1 52. f5 Kg8 53. Rc7 Rb5 54. Kf3 a4 55. Ke4 a3 56. Rc8+ Kf7 57. Ra8 Rb3 58. Ke5 Re3+ 59. Kf4 Rc3 60. Ra7 Kf6 61. g4 Rxc5 62. Rxa3 Rc4+ 63. Kf3 Kg5 64. Ra7 Rf4+ 65. Ke3 Rb4 66. Kf3 Rb3+ 67. Ke4 Kxg4 68. Ra4 Kg5 69. Ra1 Kf6 70. Rg1 Rb4+ 71. Ke3 h5 72. Rg6+ Kxf5 73. Rxg7 h4 74. Rg8 Rb3+ 75. Kf2 h3 76. Rf8+ Ke4 77. Rh8 b5 78. Rh4+ Kd5 79. Rh5+ Kc6 80. Ke2 Kb6 81. Kd2 Ka5 82. Kc2 Rg3 83. Rh4 b4 84. Rh8 Ka4 85. Ra8+ Kb5 86. Rh8 b3+ 87. Kb2 Kc5 88. Rd8 Kc4 89. Rc8+ Kd4 90. Re8 Re3 91. Rh8 Ke4 92. Kc1 Rd3 93. Rf8 Rf3 94. Rh8 Ke3 95. Rh7 Kf2 96. Kd2 Kg2 0-1

[Event "FIDE World Rapid-ch Open 2018"]
[White "Vishnu Prasanna. V"]
[Black "Bindrich, Falko"]
[Site "St. Petersburg"]
[Round "14.59"]
[Annotator "ChessBase"]
[Result "0-1"]
[Date "2018.12.28"]
[WhiteElo "2518"]
[BlackElo "2606"]
[PlyCount "56"]
[TimeControl "900+10"]

1. e4 e5 2. Nf3 Nf6 3. Nxe5 d6 4. Nc4 Nxe4 5. Qe2 Qe7 6. Ne3 Nf6 7. b3 Nc6 8. Bb2 Be6 9. g3 0-0-0 10. Bg2 d5 11. d4 g6 12. Nd2 Bh6 13. 0-0 Rhe8 14. Rfe1 Qd7 15. Qf3 Ng4 16. a3 Nxe3 17. fxe3 Bg4 18. Qf2 Bh3 19. Bh1 Qf5 20. c4 Qd3 21. cxd5 Bxe3 22. Rxe3 Rxe3 23. Nc4 Re2 24. dxc6 Rxf2 25. cxb7+ Kb8 26. Kxf2 Re8 27. Rc1 Re2+ 28. Kg1 Rxb2 0-1

[Event "FIDE World Rapid-ch Open 2018"]
[White "Bosiocic, Marin"]
[Black "AL-Sayed, Mohammed"]
[Site "St. Petersburg"]
[Round "14.60"]
[Annotator "ChessBase"]
[Result "1/2-1/2"]
[Date "2018.12.28"]
[WhiteElo "2599"]
[BlackElo "2484"]
[PlyCount "61"]
[TimeControl "900+10"]

1. d4 d5 2. c4 c6 3. Nf3 Nf6 4. e3 Bf5 5. Nc3 e6 6. Nh4 Bg6 7. Nxg6 hxg6 8. Bd2 Qc7 9. h3 Nbd7 10. cxd5 exd5 11. Bd3 Be7 12. Qf3 Nb6 13. 0-0-0 0-0-0 14. Kb1 Kb8 15. Rc1 Qd7 16. g4 Qe6 17. Rhe1 Nc4 18. Bxc4 dxc4 19. Rcd1 Ka8 20. Bc1 Nd5 21. e4 Nb4 22. d5 Qf6 23. Qxf6 gxf6 24. dxc6 bxc6 25. Rh1 Nd3 26. Be3 Rb8 27. b3 Rhd8 28. Kc2 Nb4+ 29. Kb1 Nd3 30. Kc2 Nb4+ 31. Kb1 1/2-1/2

[Event "FIDE World Rapid-ch Open 2018"]
[White "Najer, Evgeniy"]
[Black "Sokolin, Leonid"]
[Site "St. Petersburg"]
[Round "14.62"]
[Annotator "ChessBase"]
[Result "1-0"]
[Date "2018.12.28"]
[WhiteElo "2670"]
[BlackElo "2508"]
[PlyCount "65"]
[TimeControl "900+10"]

1. e4 e6 2. d4 d5 3. Nc3 Nf6 4. e5 Nfd7 5. f4 c5 6. Nf3 Nc6 7. Be3 Be7 8. dxc5 Nxc5 9. Qd2 a6 10. Qf2 Qa5 11. Bd3 Nb4 12. Qe2 b5 13. 0-0 Nbxd3 14. cxd3 b4 15. Nd1 Bd7 16. Nf2 0-0 17. Nd4 Rfc8 18. Ng4 h5 19. Nf6+ gxf6 20. Qxh5 Qd8 21. Rf3 Qf8 22. Rg3+ Qg7 23. Rxg7+ Kxg7 24. f5 Rh8 25. Qg4+ Kf8 26. fxe6 Nxe6 27. Rf1 Ke8 28. exf6 Bd6 29. h3 Nxd4 30. Qxd4 Be6 31. Qb6 Rd8 32. Qc6+ Kf8 33. Bb6 1-0

[Event "FIDE World Rapid-ch Open 2018"]
[White "Drygalov, Andrey"]
[Black "Khismatullin, Denis"]
[Site "St. Petersburg"]
[Round "14.63"]
[Annotator "ChessBase"]
[Result "1-0"]
[Date "2018.12.28"]
[WhiteElo "2481"]
[BlackElo "2621"]
[PlyCount "93"]
[TimeControl "900+10"]

1. e4 c5 2. Nf3 d6 3. Bb5+ Nd7 4. 0-0 a6 5. Bd3 Ngf6 6. Re1 e6 7. c3 b5 8. a4 c4 9. Bc2 Rb8 10. axb5 axb5 11. d4 cxd3 12. Qxd3 Bb7 13. b4 Be7 14. Bf4 e5 15. Bg3 0-0 16. Nbd2 Qc7 17. Bb3 Bc6 18. Bh4 Nb6 19. Bxf6 Bxf6 20. Nf1 Qb7 21. Ng3 Rbd8 22. Nh5 Be7 23. Qe3 Bd7 24. Ra5 Rc8 25. h3 Rc7 26. Nxe5 dxe5 27. Qg3 g6 28. Qxe5 gxh5 29. Qxe7 Rc6 30. Rxb5 Rg6 31. Rxh5 Rxg2+ 32. Kh1 Rg6 33. Rxh7 Kxh7 34. Qxf8 Be6 35. Bxe6 fxe6 36. Qf3 Nc4 37. Rg1 Rh6 38. Qg4 Qf7 39. b5 Ne5 40. Qg3 Rg6 41. Qh4+ Rh6 42. Qg3 Ng6 43. b6 Nf4 44. b7 Nxh3 45. Qg8+ Qxg8 46. Rxg8 Kxg8 47. b8=Q+ 1-0

[Event "FIDE World Rapid-ch Open 2018"]
[White "Maghsoodloo, Parham"]
[Black "Kovalev, Vladislav"]
[Site "St. Petersburg"]
[Round "14.64"]
[Annotator "ChessBase"]
[Result "1-0"]
[Date "2018.12.28"]
[WhiteElo "2688"]
[BlackElo "2683"]
[PlyCount "119"]
[TimeControl "900+10"]

1. d4 Nf6 2. c4 g6 3. Nc3 Bg7 4. e4 d6 5. Nf3 0-0 6. Be2 Na6 7. 0-0 e5 8. Re1 Qe8 9. dxe5 dxe5 10. b3 Nc5 11. Qc2 c6 12. Ba3 Nfd7 13. Nd2 Qe7 14. Bg4 b6 15. Bxd7 Qxd7 16. Bxc5 bxc5 17. Na4 Qe7 18. h3 f5 19. Rad1 Rd8 20. Nf3 Be6 21. Qe2 Rac8 22. Qe3 fxe4 23. Nd2 Rd3 24. Qe2 Bf5 25. Nxe4 Rd4 26. Rxd4 cxd4 27. Nac5 Rd8 28. Nd3 Qa3 29. g4 Bc8 30. Qd2 Qe7 31. Qg5 Qf8 32. Kg2 Re8 33. f3 a5 34. Re2 a4 35. Ndc5 axb3 36. axb3 Rd8 37. Nd3 Be6 38. Ra2 Rb8 39. Ndc5 Bc8 40. Ra7 d3 41. Qe3 Qd8 42. Qxd3 Qxd3 43. Nxd3 Rxb3 44. Ra8 Rxd3 45. Rxc8+ Bf8 46. Rxc6 Bb4 47. Rc7 h5 48. c5 Ra3 49. Rb7 Ra2+ 50. Kf1 Ra1+ 51. Ke2 Ra2+ 52. Kd1 Ra1+ 53. Kc2 Bxc5 54. Nxc5 Rh1 55. Nd7 Rxh3 56. Nxe5 h4 57. Nxg6 Rxf3 58. Nxh4 Rf4 59. Nf5 Kh8 60. Ne3 1-0

[Event "FIDE World Rapid-ch Open 2018"]
[White "Usmanov, Vasily"]
[Black "Salgado Lopez, Ivan"]
[Site "St. Petersburg"]
[Round "14.65"]
[Annotator "ChessBase"]
[Result "0-1"]
[Date "2018.12.28"]
[WhiteElo "2450"]
[BlackElo "2629"]
[PlyCount "124"]
[TimeControl "900+10"]

1. Nf3 b6 2. c4 Bb7 3. Nc3 Nf6 4. d4 e6 5. a3 d5 6. Bg5 Be7 7. Qa4+ Qd7 8. Qc2 dxc4 9. e3 Bxf3 10. gxf3 Qc6 11. Bxf6 Bxf6 12. Qe4 0-0 13. f4 Qxe4 14. Nxe4 Nd7 15. Bxc4 c5 16. Nxf6+ Nxf6 17. dxc5 bxc5 18. Rc1 Rab8 19. Rc2 Rfd8 20. Ke2 Kf8 21. Rhc1 Rd6 22. Bd3 Nd7 23. b4 cxb4 24. Rc8+ Ke7 25. Rxb8 Nxb8 26. axb4 Rc6 27. Rg1 g6 28. b5 Rc7 29. Ra1 Kd6 30. Kf3 Kc5 31. Kg4 h6 32. h4 Nd7 33. Kf3 h5 34. Ra4 Nb6 35. Ra6 Nd5 36. Bf1 Nc3 37. Ra3 Kb4 38. Ra1 Rb7 39. e4 Nxb5 40. Ke3 Na3 41. Bd3 Rc7 42. f5 exf5 43. exf5 gxf5 44. Rg1 a5 45. Rg5 Rc5 46. Kd4 a4 47. Rxh5 Nb5+ 48. Bxb5 Rxb5 49. Rh8 a3 50. Ra8 f4 51. f3 Kb3 52. Ke4 a2 53. Rxa2 Kxa2 54. Kxf4 Kb3 55. Kg4 Kc4 56. h5 Kd5 57. h6 Ke6 58. h7 Rb8 59. Kg5 Rh8 60. Kh6 Kf6 61. f4 Ra8 62. h8=Q+ Rxh8# 0-1

[Event "FIDE World Rapid-ch Open 2018"]
[White "Frolyanov, Dmitry"]
[Black "Ghaem Maghami, Ehsan"]
[Site "St. Petersburg"]
[Round "14.66"]
[Annotator "ChessBase"]
[Result "0-1"]
[Date "2018.12.28"]
[WhiteElo "2517"]
[BlackElo "2537"]
[PlyCount "88"]
[TimeControl "900+10"]

1. e4 c6 2. d4 d5 3. exd5 cxd5 4. c4 Nf6 5. Nc3 e6 6. Nf3 Bb4 7. cxd5 Nxd5 8. Bd2 Nc6 9. Bd3 Nde7 10. 0-0 h6 11. Qe2 0-0 12. Qe4 Ng6 13. Rad1 Re8 14. Rfe1 Bd7 15. Bc1 Ba5 16. Bb1 Nce7 17. Ne5 Bc6 18. Nxc6 bxc6 19. h4 Nd5 20. h5 Nf8 21. Rd3 Rb8 22. Rg3 Bc7 23. Rh3 Rb4 24. a3 Nf6 25. Qxc6 Rxd4 26. Be3 Rd6 27. Qc4 Bb6 28. Ne4 Nxe4 29. Qxe4 Rd1 30. Bxb6 Rxe1+ 31. Qxe1 Qxb6 32. b4 Nd7 33. Qe3 Qb8 34. Bd3 Nf6 35. Be2 Nd5 36. Qd2 Qe5 37. Rf3 Rc8 38. g3 Qa1+ 39. Kg2 Rc1 40. Rd3 Rg1+ 41. Kh2 Rh1+ 42. Kg2 Qg1+ 43. Kf3 Rh2 44. Bd1 Qg2+ 0-1

[Event "FIDE World Rapid-ch Open 2018"]
[White "Bilguun, Sumiya"]
[Black "Novikov, Stanislav"]
[Site "St. Petersburg"]
[Round "14.67"]
[Annotator "ChessBase"]
[Result "1-0"]
[Date "2018.12.28"]
[WhiteElo "2497"]
[BlackElo "2540"]
[PlyCount "105"]
[TimeControl "900+10"]

1. e4 g6 2. d4 Bg7 3. Nc3 c6 4. Nge2 b5 5. a3 d6 6. h3 Nd7 7. g4 Bb7 8. Bg2 a5 9. Ng3 b4 10. Nce2 c5 11. c3 bxc3 12. bxc3 e5 13. d5 Bh6 14. Bxh6 Nxh6 15. Qd2 Ng8 16. h4 Ba6 17. h5 Rb8 18. g5 c4 19. 0-0 h6 20. f4 Qb6+ 21. Kh2 hxg5 22. fxg5 Nc5 23. Qe3 Rh7 24. Qf3 Bc8 25. Ng1 Qd8 26. Nh3 Bxh3 27. hxg6 fxg6 28. Qf8+ Kd7 29. Rf7+ Rxf7 30. Qxf7+ Ne7 31. Bxh3+ Kc7 32. Rf1 Rb2+ 33. Rf2 Rxf2+ 34. Qxf2 Kb6 35. Bf1 Qh8+ 36. Kg2 Qh4 37. Bxc4 Qxg5 38. Qf8 Kc7 39. Qa8 Qd2+ 40. Ne2 Nc8 41. Qxa5+ Nb6 42. Qa7+ Nb7 43. Ba6 Qg5+ 44. Kf1 Qf6+ 45. Kg2 Qg5+ 46. Kf1 Qf6+ 47. Ke1 Qh4+ 48. Kd2 Qg5+ 49. Kd1 Qe3 50. Qxb7+ Kd8 51. Bb5 g5 52. a4 Qc5 53. a5 1-0

[Event "FIDE World Rapid-ch Open 2018"]
[White "Miton, Kamil"]
[Black "Nozdrachev, Vladislav"]
[Site "St. Petersburg"]
[Round "14.68"]
[Annotator "ChessBase"]
[Result "1/2-1/2"]
[Date "2018.12.28"]
[WhiteElo "2588"]
[BlackElo "2486"]
[PlyCount "172"]
[TimeControl "900+10"]

1. d4 Nf6 2. c4 e6 3. g3 d5 4. Bg2 Be7 5. Nf3 0-0 6. 0-0 dxc4 7. Nc3 Qd6 8. Bf4 Qa6 9. e4 b5 10. a4 bxa4 11. Rxa4 Qb6 12. Qb1 Nc6 13. Nd2 Nxd4 14. Nxc4 Qc5 15. Ne5 Bb7 16. Re1 Rfd8 17. Rc4 Qb6 18. b4 Rac8 19. Be3 c5 20. Na4 Qc7 21. bxc5 Nc6 22. Nxc6 Bxc6 23. Nc3 Rb8 24. Qc2 Ng4 25. Bf4 Ne5 26. Nd5 exd5 27. exd5 Bxd5 28. Bxe5 Qa5 29. Bc3 Qa6 30. Bxd5 Rxd5 31. Bxg7 Bg5 32. Ba1 Qg6 33. Qc3 f6 34. Qf3 Qd3 35. Qxd3 Rxd3 36. h4 Bd2 37. Rd1 Kf7 38. c6 Rd6 39. Bc3 Bf4 40. Ra1 Bd2 41. Rxa7+ Kg6 42. Rd7 Rxd7 43. cxd7 Bxc3 44. Rc8 Rb1+ 45. Kg2 Ba5 46. Ra8 Rd1 47. Rxa5 Rxd7 48. g4 Rd4 49. Kg3 Rb4 50. f3 Rb7 51. Ra6 Kg7 52. g5 fxg5 53. hxg5 Rb4 54. f4 Rc4 55. Kg4 Rc8 56. Ra7+ Kg8 57. Re7 Ra8 58. Kf5 Ra4 59. Re4 Ra6 60. Re6 Ra4 61. Re7 Rb4 62. Ke5 Rb5+ 63. Kf6 Rb6+ 64. Re6 Rb8 65. f5 Ra8 66. Rc6 Rf8+ 67. Ke5 Re8+ 68. Kf4 Re1 69. Rc8+ Kf7 70. Rc7+ Kg8 71. f6 Rf1+ 72. Ke4 h6 73. Rc8+ Kh7 74. Rc7+ Kg6 75. Rg7+ Kh5 76. gxh6 Kxh6 77. Ke5 Ra1 78. Rg8 Ra5+ 79. Ke4 Ra4+ 80. Kd5 Ra5+ 81. Ke6 Ra6+ 82. Ke5 Ra5+ 83. Ke4 Ra4+ 84. Ke3 Ra3+ 85. Kd4 Ra4+ 86. Kc5 Ra5+ 1/2-1/2

[Event "FIDE World Rapid-ch Open 2018"]
[White "Tregubov, Pavel V."]
[Black "Belyakov, Bogdan"]
[Site "St. Petersburg"]
[Round "14.69"]
[Annotator "ChessBase"]
[Result "1/2-1/2"]
[Date "2018.12.28"]
[WhiteElo "2592"]
[BlackElo "2459"]
[PlyCount "131"]
[TimeControl "900+10"]

1. d4 Nf6 2. c4 g6 3. g3 Bg7 4. Bg2 0-0 5. Nc3 d6 6. Nf3 Nc6 7. 0-0 a6 8. h3 Bd7 9. e4 e5 10. dxe5 Nxe5 11. Nxe5 dxe5 12. Be3 Be6 13. Qe2 Qc8 14. Kh2 Rd8 15. Nd5 Nxd5 16. cxd5 Bd7 17. Rfd1 Bf8 18. Rac1 Bd6 19. Bg5 Re8 20. Bf6 Qb8 21. Qe3 Qa7 22. Qh6 Bf8 23. Qd2 Qb6 24. Bg5 Rac8 25. Be3 Qf6 26. Rc2 b6 27. Rdc1 Bd6 28. Bg5 Qg7 29. Bh6 Qh8 30. Bf1 a5 31. Ba6 Ra8 32. Bb7 Rab8 33. Bc6 Bxc6 34. Rxc6 Qf6 35. Bg5 Qf3 36. Re1 Bb4 37. Qe2 Qxe2 38. Rxe2 Bd6 39. Bf6 b5 40. Rec2 Rb7 41. Ra6 a4 42. h4 Kf8 43. Kg2 Reb8 44. Rcc6 Ke8 45. f4 exf4 46. e5 Be7 47. Bxe7 Kxe7 48. gxf4 Kd7 49. Kf3 h6 50. Ke4 Rg8 51. Rf6 Ke7 52. Rac6 Rd8 53. Rxc7+ Rxc7 54. d6+ Ke8 55. dxc7 Rc8 56. Rc6 Kd7 57. Kd5 b4 58. Rf6 Kxc7 59. Rc6+ Kd7 60. Rxc8 Kxc8 61. Kc4 Kd7 62. Kxb4 Ke6 63. Kxa4 Kf5 64. b4 Kxf4 65. b5 Kxe5 66. Ka5 1/2-1/2

[Event "FIDE World Rapid-ch Open 2018"]
[White "Gareyev, Timur"]
[Black "Dzhumagaliev, Yan"]
[Site "St. Petersburg"]
[Round "14.70"]
[Annotator "ChessBase"]
[Result "1-0"]
[Date "2018.12.28"]
[WhiteElo "2569"]
[BlackElo "2410"]
[PlyCount "103"]
[TimeControl "900+10"]

1. Nf3 e6 2. b3 b6 3. a4 a6 4. e3 Bb7 5. Bb2 Nf6 6. Rg1 h5 7. g3 d5 8. h4 c5 9. Bh3 Nbd7 10. d3 Qc7 11. Nbd2 Bd6 12. Qe2 Ne5 13. Ng5 Neg4 14. e4 d4 15. Nc4 b5 16. Nxd6+ Qxd6 17. f3 Ne3 18. Bc1 c4 19. bxc4 bxc4 20. Bxe3 dxe3 21. Qxe3 cxd3 22. cxd3 Rd8 23. Ke2 Nd7 24. d4 Nf8 25. Rgb1 Bc6 26. d5 Bd7 27. e5 Qxd5 28. Qf4 f5 29. exf6 Ng6 30. f7+ Ke7 31. Qb4+ Kf6 32. Rd1 Qe5+ 33. Kf2 Rb8 34. Ne4+ Kxf7 35. Rxd7+ Kg8 36. Nf6+ Qxf6 37. Qxb8+ Kh7 38. Qb1 Rf8 39. Ra3 Kh8 40. Rd6 Nxh4 41. gxh4 Qxh4+ 42. Kg2 Qg5+ 43. Kh1 Qg3 44. Rd2 Qxh3+ 45. Rh2 Qg3 46. Rxh5+ Kg8 47. Qe4 Qd6 48. Rd3 Qb6 49. Rd7 Rf5 50. Qa8+ Rf8 51. Qxf8+ Kxf8 52. Rh8# 1-0

[Event "FIDE World Rapid-ch Open 2018"]
[White "Teterev, Vitaly"]
[Black "Gabrielian, Artur"]
[Site "St. Petersburg"]
[Round "14.71"]
[Annotator "ChessBase"]
[Result "1-0"]
[Date "2018.12.28"]
[WhiteElo "2486"]
[BlackElo "2499"]
[PlyCount "79"]
[TimeControl "900+10"]

1. Nf3 c5 2. e4 d6 3. Bc4 Nc6 4. 0-0 Nf6 5. Qe2 Bg4 6. c3 e6 7. h3 Bxf3 8. Qxf3 Be7 9. Bb3 0-0 10. d3 b5 11. Be3 a5 12. a4 c4 13. dxc4 bxc4 14. Bxc4 Ne5 15. Qe2 Nxe4 16. Bb5 d5 17. Bd4 Ng6 18. Nd2 Nf4 19. Qe3 Nxd2 20. Qxd2 Bd6 21. Be3 Ng6 22. b4 Qc7 23. bxa5 Qxa5 24. Rfc1 Rfd8 25. f4 Bc7 26. Qf2 Rab8 27. f5 exf5 28. Qxf5 Bb6 29. Bxb6 Rxb6 30. c4 Rf6 31. Qc2 dxc4 32. Qxc4 Qb6+ 33. Kh1 Rf4 34. Qc6 Qf2 35. a5 Rf6 36. Qb7 h5 37. a6 Rb6 38. Qc7 Ra8 39. Rf1 Qd4 40. Rad1 1-0